 Dungeon Crawl Stone Soup version 0.22-a0-351-g29664b41f0 (webtiles) character file.

1691 MirrMurr the Grappler (level 8, 0/124 HPs)
             Began as a Troll Berserker on Apr 13, 2018.
             Was a Priest of Trog.
             Killed by vampiric draining
             ... invoked by a vampire
              (11 damage)
             ... on level 6 of the Dungeon.
             The game lasted 00:14:27 (5874 turns).

MirrMurr the Grappler (Troll Berserker)             Turns: 5874, Time: 00:14:28

Health: 0/124      AC:  6    Str: 31    XL:     8   Next: 72%
Magic:  7/7        EV: 10    Int:  4    God:    Trog [***...]
Gold:   302        SH:  8    Dex: 10    Spells: 7/7 levels left

rFire    + . .     SeeInvis .     - Unarmed
rCold    . . .     Gourm    +   E - +0 shield {reflect}
rNeg     . . .     Faith    .   k - +1 robe
rPois    .         Spirit   .   (helmet restricted)
rElec    .         Reflect  +   (no cloak)
rCorr    .         Harm     .   (gloves unavailable)
MR       .....                  (boots unavailable)
Stlth    ..........             (no amulet)
HPRegen  0.70/turn              x - ring of protection from fire
MPRegen  0.10/turn              t - +3 ring of evasion

@: berserking, very quick
A: large, unfitting armour, claws 3, fast metabolism 3, gourmand, regeneration
1, shaggy fur 1, tough skin 2
a: Berserk, Trog's Hand, Renounce Religion


You were on level 6 of the Dungeon.
You worshipped Trog.
Trog was most pleased with you.
You were not hungry.

You visited 2 branches of the dungeon, and saw 7 of its levels.

You collected 302 gold pieces.

Inventory:

Hand Weapons
 b - a +2 hunting sling
Missiles
 d - 148 stones (quivered)
 i - 12 poisoned needles
 l - 72 bolts
 o - 19 sling bullets
 q - 71 arrows
 y - 2 throwing nets {!f}
Armour
 k - a +1 robe (worn)
 E - a +0 shield of reflection (worn)
Jewellery
 t - a +3 ring of evasion (right claw)
 u - an uncursed ring of protection from cold
 x - a ring of protection from fire (left claw)
 B - the ring of Osiupp {*Slow rPois rN+ Int+4}
   (You took it off an orc on level 4 of the Dungeon)

   [ring of poison resistance]

   It affects your intelligence (+4).
   It protects you from poison.
   It protects you from negative energy.
   It may slow you when you take damage.
Wands
 f - a wand of random effects (10)
Scrolls
 m - 3 scrolls of teleportation
 p - a scroll of fear
 r - a scroll of remove curse
 D - a scroll of fog
Potions
 a - a potion of ambrosia {unknown}
 c - 3 potions of curing
 e - a potion of cancellation
 g - 2 potions of might
 h - a potion of invisibility
 j - 2 potions of lignification
 z - a potion of mutation
 A - a potion of flight
 G - a potion of agility
Comestibles
 v - 9 rations


   Skills:
 + Level 5.8 Fighting
 + Level 0.8(1.0) Slings
 + Level 1.1(1.4) Throwing
 - Level 2.4 Dodging
 * Level 9.4 Unarmed Combat


You had 7 spell levels left.
You didn't know any spells.

Dungeon Overview and Level Annotations

Branches:
Dungeon (6/15)             Temple (1/1) D:4

Altars:
Dithmenos
Elyvilon
Qazlal
Ru
Sif Muna
Trog
Xom
Yredelemnul
The Shining One

Annotations:
D:6 Dowan


Innate Abilities, Weirdness & Mutations

You are too large for most types of armour.
You have claws for hands.
Your metabolism is lightning-fast.
You like to eat raw meat.
Your natural rate of healing is unusually fast.
You are covered in fur. (AC +1)
You have very tough skin. (AC +2)


Message History

* * * LOW HITPOINT WARNING * * *
Something bites you.
* * * LOW HITPOINT WARNING * * *
Something draws strength from your injuries!
A red film seems to cover your vision as you go berserk!
You feel yourself moving faster!
You feel mighty!
You feel a lot more hungry.
A vampire appears from thin air!
Reactivating autopickup.
The vampire misses you. x2
You claw the vampire!
The vampire is severely damaged.
The vampire is infused with unholy energy.
* * * LOW HITPOINT WARNING * * *
The vampire draws life force from you and is healed!
You barely miss the vampire.
The vampire is heavily damaged.
You claw the vampire!
The vampire is almost destroyed.
The vampire is infused with unholy energy.
You die...

#.. #.# #.# #.# #.#####
############ ###.#...
#...V@.....#
...ยง#.######.########.#
...........>.# #.#
...##.######.# #.#
...##.# #.# #.# #####.##
#.# #.# #...#####.# #.#
#.........# #.#
#...####### #.#


You could see a vampire.

Vanquished Creatures
  4 yaks
  Duvessa (D:6)
  A phantom (D:6)
  A centaur (D:4)
  A scorpion (D:4)
  The ghost of Stone the Slasher, a weakling DsGl (D:3)
  A crimson imp (D:5)
  A centaur skeleton (D:4)
  A hound (D:4)
  A gnoll shaman (D:4)
  4 orc priests
  7 orc wizards
  3 worker ants (D:4)
  A hound skeleton (D:5)
  4 adders
  6 gnolls (D:4)
  2 howler monkey skeletons
  An ooze (D:2)
  An adder zombie (D:3)
  2 adder skeletons
  4 worms
  3 dart slugs
  6 leopard geckos
  30 orcs
  6 bats
  3 giant cockroaches
  5 hobgoblins
  4 jackals (D:3)
  7 kobolds
  A ball python (D:3)
  6 frilled lizards
  7 goblins
  A jackal skeleton (D:5)
  A leopard gecko skeleton (D:4)
  7 rats
135 creatures vanquished.

Notes
Turn   | Place    | Note
-------+----------+-------------------------------------------
     0 | D:1      | MirrMurr the Troll Berserker began the quest for the Orb.
     0 | D:1      | Reached XP level 1. HP: 22/22 MP: 0/0
   285 | D:1      | Reached XP level 2. HP: 29/29 MP: 1/1
   752 | D:2      | Found a basalt altar of Yredelemnul.
   963 | D:2      | Reached XP level 3. HP: 25/36 MP: 2/2
  1006 | D:2      | Reached skill level 4 in Unarmed Combat
  1039 | D:2      | Reached ** piety under Trog
  1268 | D:2      | Found a shimmering altar of Xom.
  1642 | D:3      | Reached XP level 4. HP: 45/45 MP: 3/3
  1925 | D:3      | Noticed Stone's ghost (weakling DsGl)
  1927 | D:3      | Reached skill level 5 in Unarmed Combat
  1938 | D:3      | Killed Stone's ghost
  1938 | D:3      | Reached XP level 5. HP: 53/53 MP: 4/4
  2031 | D:3      | Found a sacrificial altar of Ru.
  2055 | D:3      | Found a glowing golden altar of the Shining One.
  2165 | D:3      | Reached *** piety under Trog
  2396 | D:3      | Found a shadowy altar of Dithmenos.
  3009 | D:4      | Noticed a yak
  3010 | D:4      | Noticed a yak
  3010 | D:4      | Noticed a yak
  3019 | D:4      | Noticed a yak
  3039 | D:3      | Killed a yak
  3039 | D:3      | Reached skill level 6 in Unarmed Combat
  3039 | D:3      | Reached XP level 6. HP: 9/62 MP: 5/5
  3358 | D:4      | Found a stormy altar of Qazlal.
  3390 | D:4      | Reached XP level 7. HP: 26/71 MP: 6/6
  3507 | D:4      | Reached skill level 7 in Unarmed Combat
  3603 | D:4      | Found a staircase to the Ecumenical Temple.
  3724 | Temple   | Entered the Ecumenical Temple
  3977 | D:4      | Found a basalt altar of Yredelemnul.
  4028 | D:4      | Found a deep blue altar of Sif Muna.
  4135 | D:4      | Got a steaming silver ring
  4152 | D:4      | Reached skill level 5 in Fighting
  4152 | D:4      | Reached skill level 8 in Unarmed Combat
  4207 | D:4      | Killed a yak
  4207 | D:4      | Reached XP level 8. HP: 80/80 MP: 7/7
  4219 | D:4      | Reached skill level 9 in Unarmed Combat
  4468 | D:4      | Found a bloodstained altar of Trog.
  4500 | D:5      | Entered Level 5 of the Dungeon
  4503 | D:5      | Identified the ring of Osiupp {*Slow rPois rN+ Int+4} (You took it off an orc on level 4 of the Dungeon)
  5319 | D:6      | Noticed Duvessa
  5319 | D:6      | Noticed Dowan
  5571 | D:6      | Found a white marble altar of Elyvilon.
  5858 | D:6      | Killed Duvessa
  5858 | D:6      | Reached skill level 1 in Throwing
  5874 | D:6      | Killed from afar by a vampire

Vault maps used:
D:1:      dpeg_arrival_central, minmay_stone_trees_small,
          grunt_decor_mini_mirrors, minmay_shallow_snake_nest
D:2:      lemuel_coloured_pillars_altar, first_ration, yredelemnul_altar_generic
D:3:      mumra_celtic_spiral_tile, overflow_temple_1_default,
          nicolae_tso_swordbearing_angel, hex_medium, serial_park_tiny_2,
          minmay_misc_feat_pillars, hangedman_decor_points,
          nicolae_ru_awakened_eye
D:4:      minmay_overflow_temple_star_quad, minmay_temple_entry_overgrown,
          grunt_qazlal_clouds
D:6:      elyvilon_altar_1, uniq_duvessa
Temple:   minmay_temple_bridge_abc

Skill      XL: |  1  2  3  4  5  6  7  8 |
---------------+-------------------------+-----
Unarmed Combat | 4 5 6 8 9 |  9.4
Fighting       | 3 4 5 |  5.8
Throwing       | 1 |  1.1
Slings         | |  0.8
Dodging        | |  2.4

Action                   |  1- 3 |  4- 6 |  7- 9 || total
-------------------------+-------+-------+-------++-------
Melee: Unarmed           |    92 |   100 |   120 ||   312
       Punch             |     1 |     2 |     3 ||     6
 Fire: Hunting sling     |    11 |    77 |   103 ||   191
Invok: Berserk           |       |     3 |     2 ||     5
       Trog's Hand       |       |     1 |     5 ||     6
  Use: Scroll            |     3 |     7 |     9 ||    19
       Potion            |       |       |     2 ||     2
 Stab: Sleeping          |       |       |     1 ||     1
  Eat: Chunk             |    20 |    16 |    24 ||    60
Armor: Animal skin       |    33 |    31 |       ||    64
       Robe              |       |     5 |    31 ||    36
Dodge: Dodged            |    47 |    83 |    42 ||   172
Block: Shield            |       |       |    13 ||    13

Table legend:
 A = Spawn XP
 B = Non-spawn XP
 C = Spawn XP percentage of total XP
 D = Spawn monster count
 E = Non-spawn monster count
 F = Spawn count percentage of total count
 G = Total turns spent on level
                    A         B        C        D         E        F      G
               +---------+---------+-------+---------+---------+-------+---------
         Total |       0 |    2417 |   0.0 |       0 |     135 |   0.0 |  5874
               +---------+---------+-------+---------+---------+-------+---------
           D:1 |       0 |      14 |   0.0 |       0 |       8 |   0.0 |   715
           D:2 |       0 |      73 |   0.0 |       0 |      26 |   0.0 |   857
           D:3 |       0 |     485 |   0.0 |       0 |      43 |   0.0 |  1599
           D:4 |       0 |    1431 |   0.0 |       0 |      44 |   0.0 |  1367
           D:5 |       0 |     122 |   0.0 |       0 |       9 |   0.0 |   894
           D:6 |       0 |     292 |   0.0 |       0 |       5 |   0.0 |   440
               +---------+---------+-------+---------+---------+-------+---------
